 Dungeon Crawl Stone Soup version 0.21.1-1-g345015f (webtiles) character file.

177 nicolaieve the Chopper (level 5, -3/47 HPs)
             Began as a Minotaur Berserker on July 2, 2018.
             Was a Believer of Trog.
             Slain by an ogre
             ... wielding a +0 giant spiked club
              (16 damage)
             ... on level 4 of the Dungeon.
             The game lasted 00:08:11 (2039 turns).

nicolaieve the Chopper (Minotaur Berserker)         Turns: 2039, Time: 00:08:13

Health: -3/47      AC:  9    Str: 23    XL:     5   Next: 31%
Magic:  4/4        EV:  8    Int:  4    God:    Trog [**....]
Gold:   108        SH:  2    Dex:  9    Spells: 4/4 levels left

rFire    . . .     SeeInvis .   a - +0 hand axe
rCold    . . .     Gourm    .   t - +0 buckler
rNeg     . . .     Faith    .   o - +0 chain mail
rPois    .         Spirit   .   (helmet restricted)
rElec    .         Reflect  .   (no cloak)
rCorr    +         Harm     .   (no gloves)
MR       ++...                  (no boots)
Stlth    ..........             (no amulet)
HPRegen  1.15/turn              r - ring of resist corrosion
MPRegen  0.09/turn              (no ring)

@: berserk cooldown, regenerating
A: retaliatory headbutt, horns 2
a: Berserk, Trog's Hand, Burn Spellbooks, Renounce Religion


You were on level 4 of the Dungeon.
You worshipped Trog.
Trog was pleased with you.
You were not hungry.

You visited 1 branch of the dungeon, and saw 4 of its levels.

You collected 108 gold pieces.

Inventory:

Hand Weapons
 a - a +0 hand axe (weapon)
Armour
 b - a +0 animal skin
 i - a +0 scale mail
 o - a +0 chain mail (worn)
 t - a +0 buckler (worn)
Jewellery
 r - a ring of resist corrosion (left hand)
Scrolls
 e - 5 scrolls of identify {unknown}
 f - a scroll of noise {unknown}
 g - a scroll of fog {unknown}
 h - a scroll of enchant armour {unknown}
 l - a scroll of teleportation {unknown}
 u - a scroll of fear {unknown}
Potions
 d - a potion of might {unknown}
 j - 3 potions of flight {unknown}
 m - a potion of cancellation {unknown}
 n - 2 potions of brilliance {unknown}
 p - 2 potions of haste {unknown}
 q - a potion of degeneration {unknown}
 s - 2 potions of curing {unknown}
 v - a potion of resistance {unknown}
 w - a potion of agility {unknown}
Comestibles
 c - 5 rations
 k - 8 chunks of flesh


   Skills:
 + Level 4.7 Fighting
 * Level 6.1 Axes
 + Level 3.5 Armour
 - Level 2.1 Dodging


You had 4 spell levels left.
You didn't know any spells.

Dungeon Overview and Level Annotations

Branches:
Dungeon (4/15)
 Temple: D:4-7

Altars:
Kikubaaqudgha


Innate Abilities, Weirdness & Mutations

You reflexively headbutt those who attack you in melee.
You have a pair of horns on your head.


Message History

The phantom closely misses you.
The iguana bites you but does no damage.
The bullfrog skeleton hits you but does no damage.
The ogre hits you with a giant spiked club.
* * * LOW HITPOINT WARNING * * *
You're still recovering from your berserk rage.
You hit the ogre but do no damage.
The ogre is almost dead.
You hit the bullfrog skeleton. You hit the phantom. You hit the iguana.
The bullfrog skeleton hits you but does no damage.
The phantom blinks!
The iguana closely misses you.
Unknown command.
Unknown command.
You hit the ogre but do no damage. Your headbutt misses the ogre.
The ogre is almost dead.
Your shield and chain mail prevent you from hitting the iguana.
You hit the phantom but do no damage. You hit the bullfrog skeleton.
The bullfrog skeleton hits you but does no damage.
The ogre hits you with a giant spiked club!
You die...

##.............
#..............
#.............
#............#
#.....?.......
#.............
#.....l†...#
#...W@O..#
#.....Z.##
#......##
##.....#
##.##.#
###..###
#..#.###
##......###
##.........###


You could see a phantom, an ogre, an iguana and a bullfrog skeleton.

Vanquished Creatures
  An orc wizard (D:3)
  8 adders
  A shadow imp (D:4)
  4 dart slugs
  A leopard gecko (D:4)
  7 orcs
  3 giant cockroaches
  3 goblins
  5 hobgoblins
  3 quokkas
  6 bats
  7 frilled lizards
  7 kobolds
  A leopard gecko skeleton (D:4)
  2 rats (D:1)
59 creatures vanquished.

Notes
Turn   | Place    | Note
-------+----------+-------------------------------------------
     0 | D:1      | nicolaieve the Minotaur Berserker began the quest for the Orb.
     0 | D:1      | Reached XP level 1. HP: 19/19 MP: 0/0
   153 | D:1      | Reached skill level 4 in Axes
   206 | D:1      | Reached XP level 2. HP: 23/27 MP: 1/1
   981 | D:2      | Reached XP level 3. HP: 20/33 MP: 2/2
  1034 | D:2      | Reached ** piety under Trog
  1088 | D:2      | Found an ancient bone altar of Kikubaaqudgha.
  1392 | D:3      | Reached skill level 5 in Axes
  1394 | D:3      | Reached XP level 4. HP: 28/41 MP: 3/3
  1929 | D:3      | Reached XP level 5. HP: 47/47 MP: 4/4
  2001 | D:4      | Reached skill level 6 in Axes
  2028 | D:4      | Noticed an ogre
  2030 | D:4      | Noticed a phantom
  2039 | D:4      | Slain by an ogre

Skill      XL: |  1  2  3  4  5 |
---------------+----------------+-----
Axes           | 4 5 6 |  6.1
Fighting       | 4 |  4.7
Armour         | 3 |  3.5
Dodging        | |  2.1

Action                   |  1- 3 |  4- 6 || total
-------------------------+-------+-------++-------
Melee: Hand axe          |    75 |    73 ||   148
       Headbutt          |     9 |     5 ||    14
Invok: Berserk           |       |     1 ||     1
       Trog's Hand       |       |     1 ||     1
  Eat: Chunk             |     1 |     4 ||     5
Armor: Animal skin       |    10 |       ||    10
       Chain mail        |    42 |    39 ||    81
       Scale mail        |     7 |       ||     7
Dodge: Dodged            |    37 |    32 ||    69
Block: Buckler           |       |     7 ||     7
